 Dungeon Crawl Stone Soup version 0.14-a0-2746-g43b4f9c (webtiles) character file.

599 Neoxx the Covert (level 6, -5/26 HPs)
             Began as a Felid Monk on Feb 22, 2014.
             Slain by an orc
             ... wielding a +0,+1 orcish dagger
              (6 damage)
             ... on Level 8 of the Dungeon.
             The game lasted 00:16:30 (6169 turns).

Neoxx the Covert (Felid Monk)                       Turns: 6169, Time: 00:16:30

HP  -5/26        AC  2     Str  7      XL: 6   Next: 28%
MP  10/10        EV 20     Int 11      God:
Gold 262         SH  0     Dex 21      Spells:  0 memorised,  5 levels left
Lives: 0, deaths: 2

rFire  . . .     SeeInvis +       - Unarmed
rCold  . . .     Clarity  .     (armour unavailable)
rNeg   . . .     Conserve .     (shield unavailable)
rPois  .         rCorr    .     (helmet unavailable)
rElec  .         rRot     .     (cloak unavailable)
SustAb . .       Spirit   .     (gloves unavailable)
rMut   .         Warding  .     (boots unavailable)
Saprov . . .     Stasis   .     (no amulet)
MR     .....                    (no ring)
                                (no ring)

@: mildly poisoned, quick, not resistant to hostile enchantments, extremely
stealthy
A: paw claws, no armour, no weapons or thrown items, fangs 3, see invisible,
carnivore 3, speed 1, shaggy fur 2, slow metabolism 1, jump 2
a: Jump Attack


You were on level 8 of the Dungeon.
You were not hungry.

You visited 2 branches of the dungeon, and saw 9 of its levels.

You collected 275 gold pieces.
You spent 13 gold pieces at shops.

Inventory:

Magical devices
 v - a wand of random effects (1)
Comestibles
 b - 4 meat rations
 x - a rotting chunk of bat flesh
 A - 2 chunks of human flesh
Scrolls
 a - a scroll of enchant armour {unknown}
 c - 2 scrolls of curse jewellery {unknown}
 e - 5 scrolls of identify
 g - 2 scrolls of fog
 i - 3 scrolls of teleportation {unknown}
 k - a scroll of magic mapping {unknown}
 n - a scroll of curse weapon {unknown}
 o - 6 scrolls of remove curse
 r - a scroll of enchant weapon I {unknown}
 s - a scroll of blinking {unknown}
 u - 2 scrolls of amnesia {unknown}
 y - a scroll of vulnerability {unknown}
Jewellery
 m - a cursed ring of teleportation {unknown}
 t - an uncursed ring of sustenance {unknown}
Potions
 d - 4 potions of restore abilities
 f - 2 potions of berserk rage {unknown}
 h - 4 potions of curing {unknown}
 j - a potion of lignification
 l - 2 potions of heal wounds
 p - a potion of magic {unknown}
 z - 2 potions of brilliance {unknown}
Books
 w - a book of Annihilations {highlevel}

   This book is beyond your current level of understanding.

   Spells                             Type                      Level
   Poison Arrow                       Conjuration/Poison           6
   Chain Lightning                    Conjuration/Air              8
   Lehudib's Crystal Spear            Conjuration/Earth            8
   Ice Storm                          Conjuration/Ice              9
   Fire Storm                         Conjuration/Fire             9


   Skills:
 - Level 2.0 Fighting
 - Level 4.2 Dodging
 + Level 9.5 Stealth
 * Level 7.8 Unarmed Combat


You had 5 spell levels left.
You didn't know any spells.

Dungeon Overview and Level Annotations

Branches:
Dungeon (8/16)             Temple (1/1) D:4
   Lair: D:8-11

Altars:
Cheibriados
Dithmenos
Elyvilon
Fedhas
Kikubaaqudgha
Makhleb
Okawaru
Trog
Zin
The Shining One

Shops:
D:4 *   D:8 *

Annotations:
D:5 exclusion: 2 orc priests
D:6 exclusions: orc priest, orc wizard and 3 wights


Innate Abilities, Weirdness & Mutations

You cannot wear armour.
You are incapable of wielding weapons or throwing items.
Your paws have sharp claws.
You have razor-sharp teeth.
You have supernaturally acute eyesight.
You are carnivorous and can eat meat at any time.
You cover ground quickly.
You are covered in thick fur (AC +2).
You have a slow metabolism.
You can jump attack at a medium distance.


Message History

The ogre is lightly wounded.
The killer bee misses you. The killer bee completely misses you.
The killer bee completely misses you. The killer bee stings you!
* * * LOW HITPOINT WARNING * * *
You are poisoned.
The killer bee poisons you! The ogre barely misses you.
Unknown command.
You closely miss the orc.
* * * LOW HITPOINT WARNING * * *
You feel sick. The killer bee misses you. The killer bee stings you.
* * * LOW HITPOINT WARNING * * *
The orc misses you.
The orc priest becomes somewhat translucent.
The killer bee closely misses you.
You claw the ogre!
The ogre begins to bleed from its wounds!
The ogre is moderately wounded.
The killer bee barely misses you. The ogre completely misses you.
The orc hits you with an orcish dagger.
You die...

##################
#..o@Ooow.....∩....
#..kokko............
#..okwo.............
#.!...o.....?..../..
#.................$..
#.....%.....<........
#....................
####################


You could see 2 worms, an ogre (bleeding), 4 killer bees, an orc priest, an orc
wizard (invisible) and 6 orcs.

Vanquished Creatures
  Eustachio (D:7)
  An ogre (D:5)
  Sigmund (D:7)
  2 giant frogs
  4 crimson imps
  A goliath beetle (D:6)
  2 giant frog skeletons
  A centaur zombie (D:6)
  A gnoll shaman (D:5)
  An iguana (D:6)
  An orc wizard (D:5)
  A scorpion (D:4)
  2 hounds (D:5)
  4 worker ants
  4 gnolls (D:5)
  5 adders
  A steam dragon zombie (D:6)
  An inept feature mimic (D:4)
  2 worms
  An adder zombie (D:6)
  A giant eyeball (D:4)
  An orc (D:5)
  A ball python (D:4)
  13 bats
  5 giant cockroaches
  9 goblins
  7 hobgoblins
  14 jackals
  A giant gecko (D:1)
  3 giant newts
  A goblin skeleton (D:4)
  A goblin zombie (D:5)
  6 kobolds
  5 quokkas
  8 rats
113 creatures vanquished.

Vanquished Creatures (others)
  An orc warrior (D:7)
  A goliath beetle (D:7)
  A giant mite (D:7)
  A giant gecko (D:7)
  An orc (D:7)
  A bat (D:7)
  A quokka (D:7)
  A giant newt (D:1)
  A goblin (D:1)
  A kobold (D:7)
  A rat (D:7)
11 creatures vanquished.

Grand Total: 124 creatures vanquished

Notes
Turn   | Place    | Note
--------------------------------------------------------------
     0 | D:1      | Neoxx, the Felid Monk, began the quest for the Orb.
     0 | D:1      | Reached XP level 1. HP: 9/9 MP: 2/2
   306 | D:1      | Reached XP level 2. HP: 13/13 MP: 3/3
  1138 | D:3      | Found an ancient bone altar of Kikubaaqudgha.
  1148 | D:3      | Reached XP level 3. HP: 13/16 MP: 5/5
  1150 | D:3      | Found a white marble altar of Elyvilon.
  1717 | D:4      | Reached XP level 4. HP: 19/19 MP: 7/7
  1863 | D:4      | Reached skill level 5 in Stealth
  2200 | D:4      | Reached XP level 5. HP: 20/22 MP: 8/8
  2769 | D:4      | Reached skill level 5 in Unarmed Combat
  2779 | D:4      | Found a staircase to the Ecumenical Temple.
  2806 | Temple   | Entered the Ecumenical Temple
  2978 | D:4      | Reached skill level 6 in Stealth
  3169 | D:4      | Found Phuuc's Serpentskin Sales.
  3185 | D:4      | Bought a potion of poison for 13 gold pieces
  3351 | D:5      | Entered Level 5 of the Dungeon
  3367 | D:5      | Gained mutation: You are covered in thick fur (AC +2). [growing up]
  3367 | D:5      | Gained mutation: You can jump attack at a medium distance. [growing up]
  3367 | D:5      | Reached XP level 6. HP: 17/26 MP: 10/10
  3588 | D:5      | Reached skill level 7 in Stealth
  3931 | D:5      | Noticed an ogre
  4598 | D:5      | Killed an ogre
  4598 | D:5      | Reached skill level 8 in Stealth
  4598 | D:5      | Reached XP level 7. HP: 30/30 MP: 12/12
  6035 | D:7      | Noticed Sigmund
  6055 | D:7      | Killed Sigmund
  6055 | D:7      | Reached skill level 9 in Stealth
  6104 | D:7      | Reached XP level 8. HP: 33/33 MP: 13/13
  6122 | D:7      | Slain by a centaur
  6123 | D:7      | Reached XP level 7. HP: -3/30 MP: 12/12
  6123 | D:7      | Noticed Eustachio
  6136 | D:7      | Killed Eustachio
  6155 | D:8      | Found Ehutax's General Store.
  6160 | D:8      | HP: 1/30 [killer bee (3)]
  6161 | D:8      | Slain by a killer bee
  6162 | D:8      | Reached XP level 6. HP: -2/26 MP: 10/10
  6168 | D:8      | HP: 1/26 [killer bee (3)]
  6169 | D:8      | Slain by an orc

Action                   |  1- 3 |  4- 6 |  7- 9 || total
-------------------------+-------+-------+-------++-------
Melee: Unarmed           |    87 |   220 |   137 ||   444
 Abil: Jump Attack       |     1 |     1 |     2 ||     4
Evoke: Wand              |       |       |    13 ||    13
  Use: Scroll            |       |     5 |       ||     5
       Potion            |       |     1 |       ||     1
 Stab: Sleeping          |    11 |     6 |     7 ||    24
